 Dungeon Crawl Stone Soup version 0.31-a0-988-g08d55dae12 (webtiles) character file.

Game seed: 4832311268175824194

525 Pixllover the Cudgeller (level 7, -3/61 HPs)
             Began as a Minotaur Monk on Nov 4, 2023.
             Slain by Duvessa
             ... wielding a +0 rapier
              (5 damage)
             ... on level 5 of the Dungeon.
             The game lasted 00:04:57 (3361 turns).

Pixllover the Cudgeller (Minotaur Monk)             Turns: 3361, Time: 00:04:57

Health: -3/61      AC: 16    Str: 16    XL:     7   Next: 2%
Magic:  6/6        EV:  9    Int: 14    God:
Gold:   219        SH:  0    Dex: 15    Spells: 6/6 levels left

rFire   . . .        b - +0 mace (protect)
rCold   . . .        d - orb {light}
rNeg    . . .        s - +0 chain mail
rPois   .            (helmet restricted)
rElec   .            (no cloak)
rCorr   .            p - +0 pair of gloves
SInv    .            (no boots)
Will    .....        r - amulet "Taets" {Acrobat Regen+ Str-2 Int+7 Dex+3} Stlth
                     (no ring)
HPRegen 1.10/turn    (no ring)
MPRegen 0.10/turn

%: acrobat
@: lethally poisoned (-3 -> -4), under a protective aura, glowing
A: horns 2, retaliatory headbutt
a: no special abilities


You were on level 5 of the Dungeon.
You visited 1 branch of the dungeon, and saw 6 of its levels.

You collected 258 gold pieces.
You spent 39 gold pieces at shops.

Inventory:

Hand Weapons
 b - a +0 mace of protection (weapon)
Missiles
 g - 2 poisoned darts (quivered)
Armour
 d - an orb of light (worn)
 p - a +0 pair of gloves (worn)
 s - a +0 chain mail (worn)
Jewellery
 l - a ring of wizardry
 n - a +6 ring of dexterity
 r - the amulet "Taets" (around neck) {Acrobat Regen+ Str-2 Int+7 Dex+3}
   (You found it on level 3 of the Dungeon)

   [amulet of the acrobat]

   Acrobat:   It increases your evasion while moving and waiting.
   Str-2:     It affects your strength (-2).
   Int+7:     It affects your intelligence (+7).
   Dex+3:     It affects your dexterity (+3).
   Regen+:    It increases your rate of health regeneration.
Wands
 v - a wand of iceblast (5)
Scrolls
 h - a scroll of acquirement {unknown}
 j - a scroll of vulnerability {unknown}
 u - 4 scrolls of identify {unknown}
 w - a scroll of fear {unknown}
 x - a scroll of teleportation {unknown}
 y - a scroll of enchant weapon {unknown}
Potions
 a - a potion of enlightenment {unknown}
 c - a potion of ambrosia
 e - a potion of haste {unknown}
 f - a potion of degeneration {unknown}
 i - a potion of lignification {unknown}
 k - 2 potions of berserk rage {unknown}
 m - 2 potions of heal wounds {unknown}
 o - 5 potions of curing
 q - a potion of invisibility {unknown}
 t - a potion of attraction {unknown}


   Skills:
 + Level 5.3 Fighting
 + Level 7.0 Maces & Flails
 + Level 2.1 Armour
 + Level 5.0 Dodging
 + Level 1.1 Stealth


You had 6 spell levels left.
You didn't know any spells.
Your spell library contained the following spells:

 Spells                   Type           Power      Damage    Failure   Level
 Sandblast                Erth           0%         2d4       98%         1
 Passwall                 Tmut/Erth      0%         N/A       99%         2
 Stone Arrow              Conj/Erth      0%         3d7       100%        3
 Brom's Barrelling Bould  Conj/Erth      0%         2d3       100%        4
 Vhi's Electric Charge    Tloc/Air       0%         N/A       100%        4
 Arcjolt                  Conj/Air       0%         1d10      100%        5
 Maxwell's Capacitive Co  Air            0%         ∞         100%        8


Dungeon Overview and Level Annotations

Branches:
Dungeon (6/15)
 Temple: D:4-7

Altars:
Ashenzari
Gozag
Hepliaklqana
Kikubaaqudgha
Nemelex Xobeh
Qazlal
Wu Jian
Yredelemnul

Shops:
D:2 [   D:4 *

Annotations:
D:5 Duvessa


Innate Abilities, Weirdness & Mutations

You have a pair of horns on your head.
You reflexively headbutt those who attack you in melee.


Message History

You hit Duvessa but do no damage.
Duvessa is lightly wounded.
You feel very sick. The hound bites you but does no damage.
Dowan barely misses you. Duvessa hits you but does no damage.
You hit Duvessa but do no damage.
Duvessa is lightly wounded.
You feel very sick. The hound bites you. Dowan closely misses you.
You furiously retaliate!
You headbutt Dowan!
You kill Dowan!
Duvessa screams in rage.
Duvessa goes berserk!
Duvessa hits you with a +0 rapier. The hound bites you but does no damage.
Your Maces & Flails skill increases to level 7!
You have reached level 7!
You hit Duvessa but do no damage.
Duvessa is lightly wounded.
You feel very sick. Duvessa hits you but does no damage.
The hound bites you but does no damage. Duvessa hits you with a +0 rapier!
* * * LOW HITPOINT WARNING * * *
You hit Duvessa but do no damage.
Duvessa is lightly wounded.
You feel very sick. The hound bites you but does no damage.
Duvessa closely misses you. The hound bites you.
* * * LOW HITPOINT WARNING * * *
You completely miss Duvessa.
Duvessa is lightly wounded.
You feel sick. Duvessa barely misses you. The hound bites you.
* * * LOW HITPOINT WARNING * * *
Duvessa hits you with a +0 rapier!
* * * LOW HITPOINT WARNING * * *
You hit Duvessa but do no damage.
Duvessa is lightly wounded.
* * * LOW HITPOINT WARNING * * *
You feel sick. The hound bites you but does no damage.
Duvessa hits you with a +0 rapier.
You die...

##################...
#....................
##.###############...
#.# #... #.##########
#.## #.##.......# #.#
#.##.......# #.#
#.##.......# #.#
#..@)....... #.#
#....eh....... #.#
#.####.....).# #.# ##
#........ ..#
#.....!.# #......:#
#.####### #.#


You could see Duvessa (berserk) and a hound.

Vanquished Creatures
  A black bear (D:5)
  An ogre (D:5)
  Dowan (D:5)
  A jelly (D:5)
  An orc priest (D:4)
  2 iguanas
  5 adders
  3 gnolls (D:2)
  4 ufetubi
  2 worms
  A dart slug (D:1)
  6 orcs
  6 endoplasms
  8 giant cockroaches
  6 goblins
  10 hobgoblins
  2 jackals (D:2)
  6 kobolds
  4 quokkas
  4 ball pythons
  5 bats
  2 frilled lizards (D:2)
  4 rats (D:2)
85 creatures vanquished.

Notes
Turn   | Place    | Note
-------+----------+-------------------------------------------
     0 | D:1      | Pixllover the Minotaur Monk began the quest for the Orb.
     0 | D:1      | Reached XP level 1. HP: 19/19 MP: 0/0
   122 | D:1      | Reached XP level 2. HP: 27/27 MP: 1/1
   383 | D:1      | Reached skill level 4 in Maces & Flails
   534 | D:1      | Found a faded altar of an unknown god.
   954 | D:2      | Reached XP level 3. HP: 30/33 MP: 2/2
  1167 | D:2      | Reached XP level 4. HP: 40/41 MP: 3/3
  1200 | D:2      | Found Buzuohul's Antique Armour Shoppe.
  1623 | D:3      | Reached skill level 5 in Maces & Flails
  1703 | D:3      | Found a broken altar of Ashenzari.
  1732 | D:3      | Identified the amulet "Taets" {Acrobat Regen+ Str-2 Int+7
                  | Dex+3}
  2237 | D:4      | Reached XP level 5. HP: 46/47 MP: 4/4
  2455 | D:4      | Found Dygyat's General Store.
  2459 | D:4      | Bought a potion of curing for 39 gold pieces
  2662 | D:4      | You fall into a shaft and drop 2 floors!
  2694 | D:5      | Entered Level 5 of the Dungeon
  2707 | D:5      | Noticed an ogre
  2714 | D:5      | Killed an ogre
  2715 | D:5      | Reached skill level 5 in Fighting
  2715 | D:5      | Reached skill level 6 in Maces & Flails
  2715 | D:5      | Reached skill level 1 in Armour
  2715 | D:5      | Reached XP level 6. HP: 56/56 MP: 5/5
  2756 | D:5      | Found a sparkling altar of Nemelex Xobeh.
  2990 | D:5      | Found an opulent altar of Gozag.
  2993 | D:5      | Found a basalt altar of Yredelemnul.
  2993 | D:5      | Found an ancient bone altar of Kikubaaqudgha.
  2993 | D:5      | Found a hazy altar of Hepliaklqana.
  2995 | D:5      | Found an ornate altar of the Wu Jian Council.
  2996 | D:5      | Found a stormy altar of Qazlal.
  3054 | D:5      | Reached skill level 5 in Dodging
  3054 | D:5      | Reached skill level 1 in Stealth
  3345 | D:5      | Noticed Dowan
  3346 | D:5      | Noticed Duvessa
  3357 | D:5      | Killed Dowan
  3358 | D:5      | Reached skill level 7 in Maces & Flails
  3358 | D:5      | Reached XP level 7. HP: 25/61 MP: 6/6
  3360 | D:5      | HP: 2/61 [Duvessa/+0 rapier (8)]
  3361 | D:5      | Slain by Duvessa

Illustrated notes

Levels and vault maps discovered:
D:1:      lightli_arrival_statuegarden, layout_loops_corners,
          basic_ecumenical_altar
D:2:      layout_rooms, serial_shops, nicolae_shop_tiny_statue_garden
D:3:      wander_river, layout_basic, amcnicky_altar_gilded
D:4:      layout_loops_ring, serial_shops, kennysheep_mini
D:5:      layout_basic, grunt_temple_overflow_open,
          nemelex_xobeh_ov_fountains_minmay, chequers_serial_rivers_small_a,
          uniq_duvessa
D:6:      layout_basic, slow_altar_1

Skill      XL: |  1  2  3  4  5  6 |
---------------+-------------------+-----
Fighting       | 4 5 |  5.3
Maces & Flails | 4 5 6 7 |  7.0
Dodging        | 4 5 |  5.0
Armour         | 1 2 |  2.1
Stealth        | 1 |  1.1

Action                     |  1- 3 |  4- 6 |  7- 9 || total
---------------------------+-------+-------+-------++-------
  Melee: Mace              |    52 |   116 |     4 ||   172
         Headbutt          |     9 |    27 |       ||    36
 Armour: Robe              |    32 |    24 |       ||    56
         Chain mail        |       |    80 |     9 ||    89
  Dodge: Dodged            |    48 |    97 |     2 ||   147

Table legend: (Time is in decaauts)
 A = Elapsed time spent in this place.
 B = Non-inter-level travel time spent in this place.
 C = Inter-level travel time spent in this place.
 D = Time resting spent in this place.
 E = Time spent auto-exploring this place.
 F = Levels seen in this place.
 G = Mean time per level.
                   A        B        C        D        E       F      G
               +--------+--------+--------+--------+--------+-----+--------+
         Total |   3411 |   3337 |     74 |      0 |   2410 |   6 |  568.5 |
       Dungeon |   3411 |   3337 |     74 |      0 |   2410 |   6 |  568.5 |
               +--------+--------+--------+--------+--------+-----+--------+

Top non-repeatable levels by time:
     D:1: 952 daAuts
     D:3: 764 daAuts
     D:4: 585 daAuts
     D:2: 553 daAuts
     D:5: 523 daAuts
     D:6: 32 daAuts
